 Dungeon Crawl Stone Soup version 0.28-a0-477-g0b43c73ce0 (webtiles) character file.

Game seed: 307128587996357134

346 Gaball the Slasher (level 6, -6/48 HPs)
             Began as a Demonspawn Gladiator on Sept 17, 2021.
             Killed by nerve-wracking pain
             ... invoked by an orc priest
              (13 damage)
             ... on level 6 of the Dungeon.
             The game lasted 00:19:20 (5306 turns).

Gaball the Slasher (Demonspawn Gladiator)           Turns: 5306, Time: 00:19:21

Health: -6/48      AC:  8    Str: 15    XL:     6   Next: 32%
Magic:  6/6        EV:  7    Int: 11    God:
Gold:   136        SH:  4    Dex: 14    Spells: 5/5 levels left

rFire   . . .      SeeInvis .   a - +0 long sword
rCold   . . .      Faith    .   (no shield)
rNeg    . . .      Spirit   .   f - +0 chain mail
rPois   .          Reflect  .   (helmet restricted)
rElec   .          Harm     .   (no cloak)
rCorr   .          Rampage  .   (no gloves)
Will    .....                   (no boots)
Stlth   ..........              (no amulet)
HPRegen 0.16/turn               (no ring)
MPRegen 0.10/turn               (no ring)

@: lethally poisoned (-6 -> -11), very slightly contaminated, invisible
A: horns 1, large bone plates 1, powered by pain 2, demonic magic 1
a: no special abilities


You were on level 6 of the Dungeon.
You visited 1 branch of the dungeon, and saw 5 of its levels.

You collected 136 gold pieces.

Inventory:

Hand Weapons
 a - a +0 long sword (weapon)
Missiles
 d - 2 throwing nets (quivered)
 p - 7 boomerangs
Armour
 b - a +0 leather armour
 c - a +0 helmet
 f - a +0 chain mail (worn)
Jewellery
 k - a ring of ice
 n - a ring of positive energy
 t - a +4 ring of evasion
 u - a ring of fire
Wands
 r - a wand of iceblast (6)
Scrolls
 e - 5 scrolls of identify {unknown}
 h - 2 scrolls of fog {unknown}
 i - a scroll of torment {unknown}
 j - a scroll of acquirement {unknown}
 l - a scroll of immolation {unknown}
 m - a scroll of vulnerability {unknown}
 o - 3 scrolls of magic mapping {unknown}


   Skills:
 + Level 4.1 Fighting
 * Level 5.6 Long Blades
 - Level 1.7 Throwing
 - Level 2.6 Dodging


You had 5 spell levels left.
You didn't know any spells.
Your spell library contained the following spells:

 Spells                   Type           Power      Damage    Failure   Level
 Ensorcelled Hibernation  Hex/Ice        0%         N/A       100%        2
 Sublimation of Blood     Necr           0%         N/A       100%        2
 Gell's Gravitas          Tloc           0%         N/A       100%        3
 Ozocubu's Armour         Ice            0%         N/A       100%        3
 Teleport Other           Tloc           0%         N/A       100%        3
 Tukima's Dance           Hex            0%         N/A       100%        3
 Petrify                  Tmut/Erth      0%         N/A       100%        4
 Irradiate                Conj/Tmut      0%         3d14      100%        5
 Dispersal                Tloc           0%         N/A       100%        6
 Ozocubu's Refrigeration  Ice            0%         4d5       100%        7


Dungeon Overview and Level Annotations

Branches:
Dungeon (4/15)
 Temple: D:4-7

Altars:
Makhleb
Ru
Vehumet
Wu Jian

Shops:
D:4 :


Innate Abilities, Weirdness & Mutations

You have a pair of small horns on your head.
You are partially covered in large bone plates. (SH +4)
You sometimes gain power by taking damage.
Spells you cast may paralyse adjacent enemies.


Message History

The ice beast hits you. The ice beast freezes you!
You focus on the pain.
You feel agile all of a sudden. You block the bullfrog zombie's attack.
The ice beast hits you. The ice beast freezes you! You block the orc's attack.
The bullfrog zombie barely misses you.
The bullfrog zombie hits you but does no damage.
The bullfrog zombie closely misses you. The scorpion barely misses you.
The scorpion stings you!
* * * LOW HITPOINT WARNING * * *
You block the scorpion's attack.
The scorpion stings you but does no damage.
The orc hits you but does no damage. You block the scorpion's attack.
You fade into invisibility!
The scorpion completely misses you.
You are very lightly contaminated with residual magic.
You feel a little less agile now. The scorpion stings you.
* * * LOW HITPOINT WARNING * * *
An orc priest comes into view. It is wielding a +0 club.
The orc priest shouts!
You hear a shout! x2
The scorpion stings you.
* * * LOW HITPOINT WARNING * * *
You are poisoned.
The scorpion poisons you!
An orc comes into view. It is wielding a +0 short sword.
* * * LOW HITPOINT WARNING * * *
You feel very sick.
The orc shouts!
The orc priest shouts!
An orc warrior comes into view. It is wielding a +0 halberd.
* * * LOW HITPOINT WARNING * * *
You feel sick.
The orc warrior shouts!
The orc shouts!
The orc priest shouts!
You feel sick.
The orc priest shouts!
The orc priest mumbles some strange prayers to Beogh against you.
Pain shoots through your body!
You die...

.#.# o.. #..
#.o .o#
##..#
####### #..#
##.....###.#
#.......#@##
#.......s.#
#........##
#......o..#
#.....Z...##
#.....Y....#
#.........##
#.........#
###.......#


You could see an orc warrior (wandering), an ice beast, a scorpion, an orc
priest, 2 orcs and a bullfrog zombie.

Vanquished Creatures
  A black bear (D:3)
  A scorpion (D:4)
  An iguana (D:4)
  A killer bee zombie (D:3)
  A hound skeleton (D:4)
  4 adders
  3 worms (D:2)
  A dart slug (D:1)
  5 orcs
  13 ball pythons
  6 bats
  4 endoplasms
  5 giant cockroaches
  8 goblins
  9 hobgoblins
  11 kobolds
  4 quokkas
  4 frilled lizards
  10 rats
92 creatures vanquished.

Notes
Turn   | Place    | Note
-------+----------+-------------------------------------------
     0 | D:1      | Gaball the Demonspawn Gladiator began the quest for the
                  | Orb.
     0 | D:1      | Reached XP level 1. HP: 16/16 MP: 1/1
    62 | D:1      | Found a faded altar of an unknown god.
   141 | D:1      | Reached skill level 3 in Long Blades
   152 | D:1      | Gained mutation: Spells you cast may paralyse adjacent
                  | enemies. [demonic ancestry]
   152 | D:1      | Reached XP level 2. HP: 19/22 MP: 2/2
   778 | D:1      | Gained mutation: You sometimes gain a little power by
                  | taking damage. [demonic ancestry]
   778 | D:1      | Reached XP level 3. HP: 28/28 MP: 3/3
  1714 | D:2      | Found a radiant altar of Vehumet.
  1791 | D:2      | Reached skill level 4 in Long Blades
  1791 | D:2      | Gained mutation: You sometimes gain power by taking damage.
                  | [demonic ancestry]
  1791 | D:2      | Reached XP level 4. HP: 34/34 MP: 4/4
  2539 | D:3      | Found a sacrificial altar of Ru.
  2602 | D:3      | HP: 1/35 [gnoll (1)]
  3222 | D:3      | Found a burning altar of Makhleb.
  3342 | D:3      | Noticed a black bear
  3352 | D:3      | Killed a black bear
  3353 | D:3      | Reached skill level 5 in Long Blades
  3353 | D:3      | Gained mutation: You are partially covered in large bone
                  | plates. (SH +4) [demonic ancestry]
  3353 | D:3      | Reached XP level 5. HP: 42/42 MP: 5/5
  3837 | D:3      | Found an ornate altar of the Wu Jian Council.
  4367 | D:4      | Found Qoigob's Book Shoppe.
  4516 | D:4      | Gained mutation: You have a pair of small horns on your
                  | head. [demonic ancestry]
  4516 | D:4      | Reached XP level 6. HP: 48/48 MP: 6/6
  5245 | D:4      | You fall into a shaft and drop 2 floors!
  5247 | D:6      | Noticed an ice beast
  5305 | D:6      | Noticed an orc warrior
  5306 | D:6      | Killed from afar by an orc priest

Illustrated notes

Levels and vault maps discovered:
D:1:      dpeg_arrival_line_fractal, layout_basic,
          hellmonk_ecumenical_altar_crossroads
D:2:      layout_basic, basic_altar
D:3:      layout_basic, nzn_wu_jian_council_hall, lemuel_doored_altar,
          kennysheep_flooded_box
D:4:      cheibrodos_thug_alley, layout_basic, serial_co_window_serial,
          co_window_corner_a, co_window_of_opportunity_a,
          co_window_of_opportunity_a, co_window_cross_1, co_window_corner_a,
          co_window_corner_a, co_window_cross_1, co_window_of_opportunity_c,
          co_window_broadway_c, co_window_of_opportunity_b, co_window_corner_cb,
          co_window_paths_c, co_window_paths_d, glass_columns_a,
          glass_columns_b, glass_columns_a, glass_columns_a, serial_shops,
          nicolae_shop_trees
D:6:      layout_cave_pods, lightli_temple_of_fire, grunt_tough_drop

Skill      XL: |  1  2  3  4  5  6 |
---------------+-------------------+-----
Long Blades    | 3 4 5 |  5.6
Fighting       | 3 4 |  4.1
Throwing       | |  1.7
Dodging        | |  2.6

Action                   |  1- 3 |  4- 6 || total
-------------------------+-------+-------++-------
Melee: Long sword        |   146 |   183 ||   329
       Headbutt          |       |    11 ||    11
Throw: Throwing net      |     1 |     2 ||     3
  Use: Potion            |     1 |     5 ||     6
 Stab: Held in net/web   |       |     1 ||     1
Armor: Chain mail        |    94 |   104 ||   198
       Leather armour    |     5 |       ||     5
Dodge: Dodged            |    57 |    61 ||   118
Block: Other             |       |    23 ||    23

Table legend: (Time is in decaauts)
 A = Elapsed time spent in this place.
 B = Non-inter-level travel time spent in this place.
 C = Inter-level travel time spent in this place.
 D = Time resting spent in this place.
 E = Time spent auto-exploring this place.
 F = Levels seen in this place.
 G = Mean time per level.
                   A        B        C        D        E       F      G
               +--------+--------+--------+--------+--------+-----+--------+
         Total |   5380 |   5218 |    162 |   1433 |   2755 |   5 | 1076.0 |
       Dungeon |   5380 |   5218 |    162 |   1433 |   2755 |   5 | 1076.0 |
               +--------+--------+--------+--------+--------+-----+--------+

Top non-repeatable levels by time:
     D:2: 1741 daAuts
     D:3: 1417 daAuts
     D:1: 1199 daAuts
     D:4: 961 daAuts
     D:6: 60 daAuts
